 Dungeon Crawl Stone Soup version 0.28-a0-1130-gc51a68064b (webtiles) character file.

Game seed: 17265537673571085593

695 yoda5477 the Skirmisher (level 7, 0/84 HPs)
             Began as a Demonspawn Transmuter on Dec 12, 2021.
             Was an Initiate of Wu Jian.
             Succumbed to a scorpion's poison
             ... on level 4 of the Dungeon.
             The game lasted 00:49:02 (7389 turns).

yoda5477 the Skirmisher (Demonspawn Transmuter)     Turns: 7389, Time: 00:49:02

Health: 0/84       AC: 23    Str: 12    XL:     7   Next: 37%
Magic:  11/11      EV:  2    Int: 21    God:    Wu Jian [......]
Gold:   243        SH:  0    Dex: 13    Spells: 8/11 levels left

rFire   + . .      SeeInvis .   a - +2 hand axe (vorpal)
rCold   . . .      Faith    .   (no shield)
rNeg    . . .      Spirit   .   (armour currently unavailable)
rPois   +          Reflect  .   (helmet currently unavailable)
rElec   .          Harm     .   (cloak currently unavailable)
rCorr   .          Rampage  .   (gloves currently unavailable)
Will    .....      NoTele   +   (boots currently unavailable)
Stlth   ++........              (no amulet)
HPRegen 0.24/turn               x - ring of protection from fire
MPRegen 0.12/turn               E - +6 ring of intelligence

@: brilliant, lethally poisoned (0 -> -1), tree-form, hasted, very quick
A: stationary, stasis, torment immunity, boosted hp, (hooves 1), rugged brown
scales 1, ignite blood 1
a: Renounce Religion


You were on level 4 of the Dungeon.
You worshipped Wu Jian.
Wu Jian was noncommittal.
You were a tree.
You visited 2 branches of the dungeon, and saw 7 of its levels.

You collected 243 gold pieces.

Inventory:

Hand Weapons
 a - a +2 vorpal hand axe (weapon)
 b - a +1 vorpal shortbow
 c - a +0 club
 k - a +0 flail
 l - a +0 mace
 p - a +0 whip
 t - a +0 dagger
 v - a +0 falchion
 F - a +0 hunting sling
Missiles
 d - 119 bolts
 i - 116 stones
 j - 89 arrows
 n - 13 sling bullets
 s - 19 poisoned darts (quivered)
 G - a throwing net
Armour
 g - a +0 cloak (melded)
 r - a +0 ring mail
 u - a +0 scale mail
 w - a +0 leather armour (melded)
 B - a +0 helmet (melded)
 D - the +1 plate armour of Mysticism {Dex+2}
   (You found it on level 5 of the Dungeon)

   Dex:       It affects your dexterity (+2).
Magical Staves
 A - a staff of earth
Jewellery
 x - a ring of protection from fire (left branch)
 y - a ring of fire
 E - a +6 ring of intelligence (right branch)
Scrolls
 q - 2 scrolls of teleportation
 C - a scroll of fog
Potions
 e - a potion of might
 f - a potion of attraction


   Skills:
 + Level 4.5 Fighting
 * Level 2.7 Armour
 - Level 4.0 Dodging
 - Level 2.0 Stealth
 - Level 2.6 Unarmed Combat
 + Level 2.8 Spellcasting
 - Level 3.0 Transmutations


You had 8 spell levels left.
You knew the following spells:

 Your Spells              Type           Power      Damage    Failure   Level
a - Beastly Appendage     Tmut           46%        N/A       4%          1
b - Wereblood             Tmut           23%        N/A       6%          2

Your spell library contained the following spells:

 Spells                   Type           Power      Damage    Failure   Level
 Spider Form              Tmut/Pois      13%        N/A       22%         3
 Ignite Poison            Fire/Tmut/Pois 10%        N/A       26%         3
 Conjure Flame            Conj/Fire      4%         6-21      38%         3
 Ozocubu's Armour         Ice            4%         N/A       38%         3
 Ice Form                 Ice/Tmut       13%        N/A       58%         4
 Sticky Flame             Conj/Fire      4%         2d3       80%         4
 Metabolic Englaciation   Hex/Ice        2%         N/A       98%         5
 Simulacrum               Ice/Necr       2%         N/A       100%        6


Dungeon Overview and Level Annotations

Branches:
Dungeon (6/15)             Temple (1/1) D:4

Altars:
Ashenzari
Cheibriados
Dithmenos
Elyvilon
Gozag
Hepliaklqana
Kikubaaqudgha
Nemelex Xobeh
Qazlal
Ru
Trog
Uskayaw
Vehumet
Wu Jian
Xom
Yredelemnul
Zin
The Shining One

Shops:
D:3 [   D:4 ?

Annotations:
D:4 1 runed translucent door, exclusion: door, Crazy Yiuf, Sigmund


Innate Abilities, Weirdness & Mutations

You are a tree.
Your roots penetrate the ground, keeping you stationary.
You cannot be teleported.
You are immune to unholy pain and torment.
Your maximum health is greatly increased.
Your equipment is partially melded.
((You have large cloven feet.))
(You are partially covered in rugged brown scales. (AC +1, +3% HP))
Your demonic aura sometimes causes spilled blood to erupt in flames.


Message History

The scorpion stings you but does no damage.
Okay, then.
You feel better. The scorpion stings you.
* * * LOW HITPOINT WARNING * * *
You are lethally poisoned!
The scorpion poisons you!
Okay, then.
You feel yourself speed up.
* * * LOW HITPOINT WARNING * * *
You feel very sick. The scorpion closely misses you. x2
* * * LOW HITPOINT WARNING * * *
You feel sick.
* * * LOW HITPOINT WARNING * * *
You feel sick.
* * * LOW HITPOINT WARNING * * *
You feel sick.
* * * LOW HITPOINT WARNING * * *
You feel sick.
* * * LOW HITPOINT WARNING * * *
You feel sick.
* * * LOW HITPOINT WARNING * * *
You feel sick.
There is a stone staircase leading up here.
Okay, then.
You climb upwards.
Level annotation: 1 runed translucent door, exclusion: door, Crazy Yiuf, Sigmund
* * * LOW HITPOINT WARNING * * *
You feel sick.
There is a stone staircase leading down here.
You turn into a tree.
Your +0 cloak melds into your body.
Your +0 helmet melds into your body.
Your +0 leather armour melds into your body.
Your roots penetrate the ground.
* * * LOW HITPOINT WARNING * * *
You feel sick.
Okay, then.
It was a potion of brilliance.
You feel clever all of a sudden.
You die...

##'## #.#
##......#. #.# #.#
#.......#. #.# #.#
####....#.##.
##.###########.#
#......#...#.
###...........##.#
#.##.......#.
#......######.##.#
#.##...#.....
.#.....# #.##.#
#.##.#####...
#.##.#.# ####.##.#
#.#....#.....
#.####.###......♣#
#.#..........
#..........##.####
#.#...##.##.#
######........#
#........####
##########
##########


There were no monsters in sight!

Vanquished Creatures
  An ogre (D:4)
  A centaur (D:5)
  A bullfrog (D:5)
  A water moccasin skeleton (D:5)
  A howler monkey (D:3)
  A jelly (D:5)
  A hound (D:5)
  A bullfrog skeleton (D:5)
  A centaur skeleton (D:5)
  2 orc wizards (D:2)
  Robin (D:3)
  4 gnolls (D:5)
  5 adders
  An adder skeleton (D:4)
  2 worms
  7 dart slugs
  13 orcs
  2 endoplasms (D:1)
  2 giant cockroaches (D:2)
  14 goblins
  7 hobgoblins
  4 jackals (D:2)
  10 ball pythons
  8 bats
  3 frilled lizards (D:2)
  4 kobolds
  4 rats
102 creatures vanquished.

Vanquished Creatures (others)
  A fungus (D:4)
  6 plants (D:4)
7 creatures vanquished.

Grand Total: 109 creatures vanquished

Notes
Turn   | Place    | Note
-------+----------+-------------------------------------------
     0 | D:1      | yoda5477 the Demonspawn Transmuter began the quest for the
                  | Orb.
     0 | D:1      | Reached XP level 1. HP: 15/15 MP: 3/3
   255 | D:1      | Gained mutation: You are partially covered in rugged brown
                  | scales. (AC +1, +3% HP) [demonic ancestry]
   255 | D:1      | Reached XP level 2. HP: 15/21 MP: 3/5
   399 | D:1      | Learned a level 2 spell: Wereblood
   443 | D:1      | Reached skill level 1 in Stealth
   985 | D:2      | Reached XP level 3. HP: 27/27 MP: 1/6
  1346 | D:2      | Found a faded altar of an unknown god.
  1947 | D:3      | Reached XP level 4. HP: 35/35 MP: 7/7
  2807 | D:2      | HP: 1/35 [orc wizard/puff of flame (9)]
  3213 | D:2      | Reached skill level 1 in Armour
  3389 | D:3      | Lost mutation: You have razor-sharp toenails. [demonic
                  | ancestry]
  3389 | D:3      | Lost mutation: You have sharp toenails. [demonic ancestry]
  3389 | D:3      | Gained mutation: You have large cloven feet. [demonic
                  | ancestry]
  3389 | D:3      | Reached XP level 5. HP: 41/41 MP: 4/8
  3489 | D:3      | Found Qaufyihe's Antique Armour Shop.
  3966 | D:3      | Noticed Robin
  4068 | D:3      | Killed Robin
  4273 | D:4      | Found Luhemp's Magic Scroll Emporium.
  4325 | D:4      | Found a staircase to the Ecumenical Temple.
  4338 | Temple   | Entered the Ecumenical Temple
  4350 | Temple   | Became a worshipper of the Wu Jian Council
  4543 | D:4      | Found a runed translucent door.
  4544 | D:4      | Noticed Crazy Yiuf
  4595 | D:4      | Noticed Sigmund
  4953 | D:4      | Noticed an ogre
  5418 | D:4      | Killed an ogre
  5419 | D:4      | Gained mutation: Your demonic aura sometimes causes spilled
                  | blood to erupt in flames. [demonic ancestry]
  5419 | D:4      | Reached XP level 6. HP: 32/49 MP: 7/9
  5983 | D:5      | Entered Level 5 of the Dungeon
  6318 | D:5      | Reached XP level 7. HP: 50/55 MP: 10/10
  6832 | D:5      | Identified the +1 plate armour of Mysticism {Dex+2}
  7385 | D:5      | HP: 2/56 [poisoned by a scorpion]
  7389 | D:4      | Succumbed to a scorpion's poison

Illustrated notes

Levels and vault maps discovered:
D:1:      psy_arrival_conway, layout_rooms
D:2:      minmay_diamond_boxcup, layout_loops_ring,
          shapermc_ecumenical_altar_mp_highgroup, minmay_liquid_box,
          grunt_decor_clamped
D:3:      layout_loops_cross, serial_shops, nicolae_shop_waterfront, uniq_robin
D:4:      layout_loops_corners, minmay_temple_entry_statues_fountains,
          serial_shops, shop, hangedman_decor_lopped, serial_bayou_crossing,
          uniq_crazy_yiuf_cottage, uniq_sigmund
D:5:      layout_loops_ring
D:6:      kennysheep_big_flooded_room, layout_layer_cave, okawaru_trees_1,
          kennysheep_path_1, st_stairs_1, grunt_decor_cap,
          minmay_parallelograms, nicolae_concentric_dashed_squares_mild
Temple:   compressed_dpeg_circular_temple

Skill      XL: |  1  2  3  4  5  6  7 |
---------------+----------------------+-----
Stealth        | 1 2 |  2.0
Dodging        | 2 3 4 |  4.0
Transmutations | 2 3 |  3.0
Fighting       | 2 3 4 |  4.5
Armour         | 1 2 |  2.7
Unarmed Combat | |  2.6
Spellcasting   | |  2.8

Action                   |  1- 3 |  4- 6 |  7- 9 || total
-------------------------+-------+-------+-------++-------
Melee: Dagger            |    86 |   108 |       ||   194
       Unarmed           |     9 |       |       ||     9
       Headbutt          |    12 |    21 |       ||    33
       Kick              |    24 |    47 |     9 ||    80
       Punch             |     1 |     1 |     1 ||     3
       Flail             |       |    39 |       ||    39
       Mace              |       |     2 |       ||     2
       Hand axe          |       |    45 |    31 ||    76
 Fire: Hunting sling     |     7 |    24 |       ||    31
       Shortbow          |       |       |     5 ||     5
Throw: Dart              |       |     1 |       ||     1
 Cast: Beastly Appendage |    29 |    36 |     3 ||    68
       Wereblood         |     1 |     5 |     2 ||     8
Invok: Lunge             |       |     6 |     3 ||     9
  Use: Scroll            |       |     8 |     4 ||    12
       Potion            |       |       |     5 ||     5
 Stab: Sleeping          |     5 |     1 |       ||     6
Armor: Robe              |    18 |     9 |       ||    27
       Leather armour    |       |    67 |    16 ||    83
Dodge: Dodged            |    65 |   129 |    25 ||   219

Table legend: (Time is in decaauts)
 A = Elapsed time spent in this place.
 B = Non-inter-level travel time spent in this place.
 C = Inter-level travel time spent in this place.
 D = Time resting spent in this place.
 E = Time spent auto-exploring this place.
 F = Levels seen in this place.
 G = Mean time per level.
                   A        B        C        D        E       F      G
               +--------+--------+--------+--------+--------+-----+--------+
         Total |   7442 |   7204 |    238 |   2145 |   1880 |   7 | 1063.1 |
       Dungeon |   7329 |   7107 |    222 |   2145 |   1805 |   6 | 1221.5 |
        Temple |    112 |     96 |     16 |      0 |     75 |   1 |  112.0 |
               +--------+--------+--------+--------+--------+-----+--------+

Top non-repeatable levels by time:
     D:2: 2320 daAuts
     D:4: 1431 daAuts
     D:5: 1410 daAuts
     D:3: 1377 daAuts
     D:1: 782 daAuts
  Temple: 112 daAuts
     D:6: 6 daAuts
